 Dungeon Crawl Stone Soup version 0.28-a0-793-g31680bbd8b (webtiles) character file.

Game seed: 15495658367774140101

15697 frimble the Grappler (level 12, -3/122 HPs)
             Began as a Troll Warper on Nov 4, 2021.
             Was an Elder of Cheibriados.
             Slain by a slime creature (12 damage)
             ... on level 12 of the Dungeon.
             The game lasted 00:14:36 (9679 turns).

frimble the Grappler (Troll Warper)                 Turns: 9679, Time: 00:14:36

Health: -3/122     AC:  5    Str: 32    XL:     12   Next: 3%
Magic:  11/13      EV: 11    Int: 23    God:    Cheibriados [****..]
Gold:   912        SH:  5    Dex: 19    Spells: 11/13 levels left

rFire   . . .      SeeInvis .     - Unarmed
rCold   . . .      Faith    .   (no shield)
rNeg    . . .      Spirit   .   a - +0 robe
rPois   .          Reflect  +   C - +0 hat
rElec   .          Harm     .   h - +0 cloak
rCorr   .          Rampage  .   (gloves unavailable)
Will    +....                   (boots unavailable)
Stlth   ++........              n - amulet of reflection
HPRegen 1.30/turn               I - ring of willpower
MPRegen 0.13/turn               (no ring)

@: on blink cooldown, very slow
A: large, unfitting armour, claws 3, regeneration 1, shaggy fur 1, tough skin 1
a: Renounce Religion, Bend Time, Temporal Distortion, Slouch


You were on level 12 of the Dungeon.
You worshipped Cheibriados.
Cheibriados was greatly pleased with you.
You visited 2 branches of the dungeon, and saw 13 of its levels.

You collected 912 gold pieces.

Inventory:

Missiles
 c - 5 boomerangs of dispersal
 p - 76 poisoned darts
 q - 10 large rocks
 t - a throwing net
 F - 2 boomerangs (quivered)
Armour
 a - a +0 robe (worn)
 h - a +0 cloak (worn)
 C - a +0 hat (worn)
Jewellery
 n - an amulet of reflection (around neck)
 w - the amulet "Lyiqu" {Reflect Drain rElec Str+2 Int+4 SH+5}
   (You found it on level 8 of the Dungeon)

   [amulet of reflection]

   It reflects blocked missile attacks.
   Str:       It affects your strength (+2).
   Int:       It affects your intelligence (+4).
   rElec:     It insulates you from electricity.
   Drain:     It drains your maximum health when unequipped.
   SH:        It affects your SH (+5).
 E - the ring "Birukh" {+Blink rN+ rCorr MP+9 Str-5}
   (You found it on level 9 of the Dungeon)

   [ring of positive energy]

   Str:       It affects your strength (-5).
   rN:        It protects you from negative energy.
   MP:        It affects your magic capacity (+9).
   +Blink:    It lets you blink.
   rCorr:     It protects you from acid and corrosion.
 I - a ring of willpower (left claw)
Wands
 r - a wand of polymorph (4)
 u - a wand of iceblast (11)
 y - a wand of digging (4)
 J - a wand of flame (7)
Scrolls
 b - 2 scrolls of blinking
 d - a scroll of fog
 j - 2 scrolls of magic mapping
 v - a scroll of brand weapon
 x - a scroll of silence
Potions
 e - a potion of resistance
 f - 5 potions of brilliance
 g - 2 potions of lignification
 i - a potion of attraction
 k - a potion of mutation
 l - 4 potions of curing
 m - a potion of ambrosia
 o - a potion of invisibility {unknown}
 s - a potion of haste {unknown}
 z - a potion of heal wounds {unknown}
 A - a potion of flight {unknown}
 B - a potion of degeneration {unknown}
 H - a potion of magic


   Skills:
 + Level 8.7 Fighting
 - Level 6.7 Throwing
 - Level 3.0 Dodging
 - Level 11.0 Unarmed Combat
 - Level 1.2 Spellcasting
 - Level 7.7 Translocations
 + Level 3.2 Invocations
 + Level 1.7 Evocations


You had 11 spell levels left.
You knew the following spells:

 Your Spells              Type           Power      Damage    Failure   Level
a - Blink                 Tloc           74%        N/A       1%          2

Your spell library contained the following spells:

 Spells                   Type           Power      Damage    Failure   Level
 Gell's Gravitas          Tloc           37%        N/A       1%          3
 Lesser Beckoning         Tloc           37%        N/A       1%          3
 Teleport Other           Tloc           37%        N/A       1%          3
 Beastly Appendage        Tmut           2%         N/A       14%         1
 Foxfire                  Conj/Fire      4%         2x1d4     14%         1
 Summon Small Mammal      Summ           4%         N/A       14%         1
 Manifold Assault         Tloc           37%        N/A       16%         5
 Corpse Rot               Necr/Air       2%         N/A       22%         2
 Poisonous Vapours        Pois/Air       2%         N/A       22%         2
 Wereblood                Tmut           1%         N/A       22%         2
 Call Canine Familiar     Summ           1%         N/A       38%         3
 Conjure Flame            Conj/Fire      1%         6-21      38%         3
 Dazzling Flash           Conj/Hex       2%         N/A       38%         3
 Inner Flame              Hex/Fire       1%         N/A       38%         3
 Ozocubu's Armour         Ice            1%         N/A       38%         3
 Spider Form              Tmut/Pois      1%         N/A       38%         3
 Flame Wave               Conj/Fire      1%         3d3       80%         4
 Agony                    Necr           1%         N/A       98%         5
 Alistair's Intoxication  Tmut/Pois      0%         N/A       98%         5
 Borgnjor's Vile Clutch   Necr/Erth      0%         N/A       98%         5
 Metabolic Englaciation   Hex/Ice        0%         N/A       98%         5
 Silence                  Hex/Air        0%         N/A       98%         5
 Eringya's Noxious Bog    Tmut/Pois      0%         N/A       100%        6
 Simulacrum               Ice/Necr       0%         N/A       100%        6
 Summon Cactus Giant      Summ           0%         N/A       100%        6
 Ozocubu's Refrigeration  Ice            0%         4d5       100%        7


Dungeon Overview and Level Annotations

Branches:
Dungeon (12/15)            Temple (1/1) D:6            Lair (0/6) D:8
    Orc (0/2) D:10

Altars:
Ashenzari
Cheibriados
Dithmenos
Elyvilon
Fedhas
Gozag
Hepliaklqana
Kikubaaqudgha
Makhleb
Nemelex Xobeh
Okawaru
Qazlal
Ru
Sif Muna
Trog
Uskayaw
Vehumet
Wu Jian
Xom
Yredelemnul
Zin
The Shining One
Beogh

Shops:
D:5 (   D:10 [(

Annotations:
D:8 exclusion: rust devil
D:9 3 runed translucent doors, R007833r's ghost, novice MiDe


Innate Abilities, Weirdness & Mutations

You are too large for most types of armour.
You have claws for hands.
Your natural rate of healing is unusually fast.
You are covered in fur. (AC +1)
You have tough skin. (AC +1)


Message History

You claw the slime creature!
The slime creature is moderately wounded.
The slime creature hits you! The slime creature barely misses you.
You claw the slime creature! You claw the slime creature!!
The slime creature is almost dead.
The slime creature hits you!
You claw the slime creature!
You kill the slime creature!
Cheibriados thoroughly appreciates the change of pace.
The slime creature hits you but does no damage.
You scratch the slime creature.
The slime creature is lightly wounded.
The slime creature hits you!
You barely miss the slime creature. You claw the slime creature.
The slime creature is lightly wounded.
The slime creature hits you! You block the slime creature's attack.
You mangle the slime creature!!
The slime creature is heavily wounded.
The slime creature hits you. x2
You scratch the slime creature but do no damage.
The slime creature is heavily wounded.
The slime creature misses you. The slime creature hits you.
You mangle the slime creature!! You claw the slime creature!
You kill the slime creature!
Cheibriados thoroughly appreciates the change of pace.
The slime creature hits you!
* * * LOW HITPOINT WARNING * * *
The slime creature barely misses you. You block the slime creature's attack.
The slime creature hits you.
* * * LOW HITPOINT WARNING * * *
You block the slime creature's attack.
You completely miss the slime creature. The slime creature hits you!
* * * LOW HITPOINT WARNING * * *
The slime creature hits you!
* * * LOW HITPOINT WARNING * * *
Casting: Blink (safe; 1% risk of failure)
Confirm with . or Enter, or press ? or * to list all spells.
You blink.
The slime creature hits you!
You die...

### ###.## #....#
##...## #...[.#
#..†### ##..†..#####
.. #..........# ..#
#..†....J@.#
...###......J..#
................#
.............#...#
.............##...#
...................#
..................##
..............#...#
..............#..#.


You could see 2 slime creatures.

Vanquished Creatures
  Harold (D:8)
  A boulder beetle (D:12)
  7 two-headed ogres
  2 ugly things
  2 cyclopes
  A troll (D:9)
  Grinder (D:6)
  3 slime creatures (D:12)
  2 wraiths (D:10)
  A shadow (D:12)
  2 wyverns
  9 yaks
  2 vampire mosquitoes (D:12)
  3 acid dragons
  2 water moccasins
  2 sky beasts (D:6)
  5 orc warriors
  A black bear (D:5)
  An ice beast (D:6)
  2 ogres
  2 necrophages
  5 centaurs
  Blork the orc (D:5)
  3 kobold brigands
  A bullfrog (D:8)
  A wyvern zombie (D:5)
  A scorpion (D:6)
  A water moccasin skeleton (D:5)
  6 killer bees (D:8)
  6 wights
  4 howler monkeys
  2 electric eels (D:10)
  3 bullfrog zombies (D:5)
  4 hounds
  6 centaur zombies
  4 orc priests
  3 bullfrog skeletons
  2 jellies
  A gnoll shaman (D:5)
  4 iguanas
  8 orc wizards
  3 hound skeletons
  Robin (D:2)
  2 howler monkey zombies
  7 adders
  8 gnolls
  A shadow imp (D:8)
  An adder skeleton (D:4)
  An adder zombie (D:5)
  2 worms
  A dart slug (D:4)
  31 orcs
  4 endoplasms (D:3)
  2 giant cockroaches (D:4)
  13 goblins
  13 hobgoblins
  5 quokkas
  8 ball pythons
  4 bats
  3 frilled lizards
  13 kobolds
  A quokka skeleton (D:4)
  2 rats
244 creatures vanquished.

Vanquished Creatures (others)
  11 plants (D:4)
  4 withered plants (D:5)
15 creatures vanquished.

Grand Total: 259 creatures vanquished

Notes
Turn   | Place    | Note
-------+----------+-------------------------------------------
     0 | D:1      | frimble the Troll Warper began the quest for the Orb.
     0 | D:1      | Reached XP level 1. HP: 19/19 MP: 1/1
   208 | D:1      | Reached XP level 2. HP: 19/28 MP: 2/2
   370 | D:1      | Found a faded altar of an unknown god.
   379 | D:1      | Learned a level 2 spell: Blink
   814 | D:2      | Reached XP level 3. HP: 34/35 MP: 3/3
   871 | D:2      | You fall into a shaft and drop 1 floor!
  1277 | D:2      | Found a shimmering blue altar of Sif Muna.
  1313 | D:2      | Noticed Robin
  1332 | D:2      | Reached skill level 3 in Unarmed Combat
  1333 | D:2      | Reached XP level 4. HP: 43/44 MP: 4/4
  1351 | D:2      | Killed Robin
  2355 | D:4      | You fall into a shaft and drop 2 floors!
  2355 | D:6      | Noticed a centaur
  2360 | D:6      | Killed a centaur
  2361 | D:6      | Reached XP level 5. HP: 30/53 MP: 5/5
  2422 | D:6      | Noticed Grinder
  2433 | D:6      | Killed Grinder
  2434 | D:6      | Reached skill level 4 in Unarmed Combat
  2434 | D:6      | Reached XP level 6. HP: 62/62 MP: 6/6
  2499 | D:6      | Found a staircase to the Ecumenical Temple.
  2533 | D:5      | Entered Level 5 of the Dungeon
  2719 | D:4      | Reached XP level 7. HP: 68/68 MP: 7/7
  2866 | D:4      | Reached skill level 5 in Unarmed Combat
  3216 | D:5      | Found Reuferch's Weapon Emporium.
  3230 | D:5      | Noticed Blork the orc
  3242 | D:5      | Killed Blork the orc
  3348 | D:5      | Reached XP level 8. HP: 57/79 MP: 8/8
  3500 | D:5      | Reached skill level 6 in Unarmed Combat
  3540 | D:5      | Reached skill level 5 in Fighting
  3714 | D:5      | Reached skill level 5 in Translocations
  3956 | D:6      | Reached skill level 1 in Throwing
  4585 | Temple   | Entered the Ecumenical Temple
  4738 | Temple   | Became a worshipper of Cheibriados the Contemplative
  4888 | D:6      | Reached XP level 9. HP: 68/89 MP: 7/9
  5022 | D:7      | Found a hide-covered altar of Uskayaw.
  5236 | D:7      | Got Sif Muna's Compendium of Freezing Calling
  5553 | D:8      | Noticed Harold
  5564 | D:8      | Killed Harold
  5658 | D:8      | Reached skill level 5 in Throwing
  5661 | D:8      | Reached XP level 10. HP: 91/102 MP: 10/10
  5686 | D:8      | Identified the amulet "Lyiqu" {Reflect Drain rElec Str+2
                  | Int+4 SH+5}
  5722 | D:8      | Reached * piety under Cheibriados
  6126 | D:8      | Found a staircase to the Lair.
  6418 | D:8      | Reached ** piety under Cheibriados
  6577 | D:9      | Noticed a two-headed ogre
  6608 | D:8      | Killed a two-headed ogre
  6960 | D:9      | Reached *** piety under Cheibriados
  7132 | D:8      | Noticed a rust devil
  7132 | D:8      | Noticed a rust devil
  7228 | D:9      | Identified the ring "Birukh" {+Blink rN+ rCorr MP+9 Str-5}
  7316 | D:9      | Found a runed translucent gate.
  7316 | D:9      | Found a runed translucent gate.
  7317 | D:9      | Found a runed translucent gate.
  7319 | D:9      | Noticed R007833r's ghost (novice MiDe)
  7320 | D:9      | Identified the +1 plate armour "Qisu Xuigo" {Str+3 Int+4}
  7333 | D:9      | Identified the +5 rapier of Sorchilass {spect, rN+ Will+}
  7520 | D:10     | Entered Level 10 of the Dungeon
  7576 | D:10     | Reached skill level 1 in Invocations
  7676 | D:10     | Found Comomux's Armour Emporium.
  7676 | D:10     | Found a staircase to the Orcish Mines.
  7679 | D:10     | Found Ygaje Geze's Weapon Emporium.
  7785 | D:10     | Reached skill level 7 in Unarmed Combat
  7876 | D:10     | Noticed a two-headed ogre
  7901 | D:10     | Killed a two-headed ogre
  7902 | D:10     | Reached XP level 11. HP: 61/111 MP: 6/11
  8080 | D:10     | Noticed a two-headed ogre
  8085 | D:10     | Killed a two-headed ogre
  8086 | D:10     | Reached skill level 8 in Unarmed Combat
  8311 | D:10     | Reached skill level 9 in Unarmed Combat
  8374 | D:10     | Reached **** piety under Cheibriados
  8587 | D:11     | Noticed a two-headed ogre
  8593 | D:11     | Killed a two-headed ogre
  8647 | D:11     | Noticed a red ugly thing
  8679 | D:11     | Killed a red ugly thing
  8680 | D:11     | Reached skill level 10 in Unarmed Combat
  8859 | D:11     | Noticed a two-headed ogre
  8870 | D:11     | Killed a two-headed ogre
  9083 | D:11     | Noticed a two-headed ogre
  9087 | D:11     | Killed a two-headed ogre
  9088 | D:11     | Reached skill level 11 in Unarmed Combat
  9135 | D:11     | Found an opulent altar of Gozag.
  9255 | D:11     | Noticed a two-headed ogre
  9264 | D:11     | Killed a two-headed ogre
  9406 | D:12     | Noticed a boulder beetle
  9469 | D:12     | Noticed a five-headed hydra
  9488 | D:12     | Noticed a purple ugly thing
  9497 | D:12     | Killed a purple ugly thing
  9552 | D:12     | Noticed a boulder beetle
  9570 | D:12     | Reached skill level 1 in Evocations
  9575 | D:12     | Killed a boulder beetle
  9668 | D:12     | Reached XP level 12. HP: 93/122 MP: 13/13
  9677 | D:12     | HP: 6/122 [slime creature (15)]
  9679 | D:12     | Slain by a slime creature

Illustrated notes

Levels and vault maps discovered:
D:1:      dpeg_arrival_castle, layout_loops_corners,
          hellmonk_ecumenical_altar_heavens_door
D:2:      layout_rooms, basic_altar, feat_on_display, uniq_robin
D:3:      layout_loops_corners
D:4:      wad_lake_hut, layout_rooms, kennysheep_orc_chapel
D:5:      layout_basic, serial_shops, kennysheep_mini, serial_undead,
          serial_undead_f, serial_undead_e, serial_undead_c, serial_undead_c,
          uniq_blork_the_orc
D:6:      layout_basic, lemuel_temple_firewalk_a, uniq_grinder
D:7:      layout_loops_ring, lemuel_doored_altar, minmay_statues_item
D:8:      cheibrodos_iron_armory, layout_basic, lair_entry_dummy, uniq_harold
D:9:      layout_roguey, biasface_ghost_orc_armoury
D:10:     layout_big_octagon, orc_david_3, kennysheep_diamond
D:11:     layout_loops_ring, nicolae_gozag_cash_rules_everything_around_me
D:12:     layout_cave_pools, serial_shops, nicolae_shop_trees
Temple:   minmay_crystal_snake_temple

Skill      XL: |  1  2  3  4  5  6  7  8  9 10 11 |
---------------+----------------------------------+-----
Fighting       | 2 3 4 5 7 8 |  8.7
Unarmed Combat | 3 4 5 6 7 11 | 11.0
Translocations | 3 4 5 6 7 |  7.7
Throwing       | 2 5 6 |  6.7
Invocations    | 1 3 |  3.2
Dodging        | 3 |  3.0
Evocations     | 1 |  1.7
Spellcasting   | |  1.2

Action                   |  1- 3 |  4- 6 |  7- 9 | 10-12 || total
-------------------------+-------+-------+-------+-------++-------
Melee: Unarmed           |   113 |    96 |   295 |   325 ||   829
       Punch             |       |     2 |    12 |    14 ||    28
Throw: Dart              |       |       |    14 |    53 ||    67
       Large rock        |       |       |     5 |     6 ||    11
       Boomerang         |       |       |       |    39 ||    39
 Cast: Blink             |       |       |     5 |    19 ||    24
Evoke: Wand              |       |     7 |       |     7 ||    14
  Use: Scroll            |     3 |     6 |     4 |     9 ||    22
Armor: Robe              |    39 |    42 |    60 |    83 ||   224
Dodge: Dodged            |    52 |    40 |   112 |   135 ||   339
Block: Other             |       |       |    33 |    66 ||    99
       Reflection        |       |       |       |     7 ||     7

Table legend: (Time is in decaauts)
 A = Elapsed time spent in this place.
 B = Non-inter-level travel time spent in this place.
 C = Inter-level travel time spent in this place.
 D = Time resting spent in this place.
 E = Time spent auto-exploring this place.
 F = Levels seen in this place.
 G = Mean time per level.
                   A        B        C        D        E       F      G
               +--------+--------+--------+--------+--------+-----+--------+
         Total |  11461 |  10843 |    618 |     41 |   8699 |  13 |  881.6 |
       Dungeon |  11276 |  10690 |    586 |     41 |   8566 |  12 |  939.7 |
        Temple |    185 |    153 |     32 |      0 |    133 |   1 |  185.0 |
               +--------+--------+--------+--------+--------+-----+--------+

Top non-repeatable levels by time:
    D:10: 1477 daAuts
     D:8: 1465 daAuts
    D:11: 1404 daAuts
     D:9: 1171 daAuts
     D:6: 1044 daAuts
     D:3: 882 daAuts
     D:4: 855 daAuts
     D:1: 792 daAuts
     D:5: 741 daAuts
     D:7: 689 daAuts
     D:2: 498 daAuts
    D:12: 252 daAuts
  Temple: 185 daAuts
